Workbook

Sheet Instrucciones
B8: Instrucciones para el archivo de control de Activos Fijos
B10: El siguiente archivo está diseñado para llevar el control detallado de los activos fijos de la empresa.
B11: Cada cuenta de activo se encuentra organizada en una hoja individual para facilitar el registro, actualización y consulta de la información.
B13: ✅ Objetivo del archivo
B14: Garantizar el registro ordenado, actualizado y verificable de los activos fijos, manteniendo trazabilidad de costos, depreciación, ubicación y responsables.
B16: ✅ Estructura del archivo
B17: Cada hoja corresponde a una cuenta contable de activos fijos.
B19: El nombre de la hoja indica el nombre de cuenta.
B21: Ejemplo: Equipo de Cómputo
B22: Todas las hojas cuentan con el mismo formato de columnas para asegurar uniformidad en los registros.
B25: ✅ Se debe registrar en esta página las ubicaciones
B27: Registrar sus ubicaciones
... B48: Ubicaciones 20

Sheet Resumen
B4: Resumen de cuentes:
B6: Cuenta: | C6: Valor de Compra $ | D6: Valor de Compra ¢ | E6: Depreciación Mensual | F6: Depreciación Acumulada | G6: Valor en Libros
B7: Edificios y Vehículos | C7: ='Edificio y Vehiculos'!L32 -> 0 | D7: ='Edificio y Vehiculos'!M32 -> 0 | E7: ='Edificio y Vehiculos'!O32 -> 0 | F7: ='Edificio y Vehiculos'!Q32 -> 0 | G7: ='Edificio y Vehiculos'!R32 -> 0
B8: ='Equipo Computo'!C3 -> Equipo de Computo | C8: ='Equipo Computo'!L32 -> 0 | D8: ='Equipo Computo'!M32 -> 0 | E8: ='Equipo Computo'!O6 -> 0 | F8: ='Equipo Computo'!Q6 -> 0 | G8: ='Equipo Computo'!R6 -> 0
B9: ='Maq. y Equipo '!C3 -> Maquinaria y Equipo de Planta | C9: ='Maq. y Equipo '!L32 -> 0 | D9: ='Maq. y Equipo '!M32 -> 0 | E9: ='Maq. y Equipo '!O32 -> 0 | F9: ='Maq. y Equipo '!Q32 -> 0 | G9: ='Maq. y Equipo '!R32 -> 0
B10: ='Mob. Y Equio Oficina'!C3 -> Mobiliario y Equipo Oficina | C10: ='Mob. Y Equio Oficina'!L32 -> 0 | D10: ='Mob. Y Equio Oficina'!M32 -> 0 | E10: ='Mob. Y Equio Oficina'!O32 -> 0 | F10: ='Mob. Y Equio Oficina'!Q32 -> 0 | G10: ='Mob. Y Equio Oficina'!R32 -> 0
B11: Software | C11: =Intangible!L32 -> 0 | D11: =Intangible!M32 -> 0 | E11: =Intangible!O32 -> 0 | F11: =Intangible!Q32 -> 0 | G11: =Intangible!R32 -> 0
B13: Total | C13: =SUM(C7:C11) -> 0 | D13: =SUM(D7:D11) -> 0 | E13: =SUM(E7:E11) -> 0 | F13: =SUM(F7:F11) -> 0 | G13: =SUM(G7:G11) -> 0

Sheet Edificio y Vehiculos
B3: Nombre de cuenta: | C3: Maquinaria y Equipo de Planta
B5: Placa (ID) | C5: Ubicación | D5: Descripción | E5: Marca | F5: Modelo | G5: Serie | H5: Factura # | I5: DUA | J5: Fecha de Compra | K5: Tipo Cambio | L5: Valor de Compra ($) | M5: Valor de Compra (₡) | N5: Vida Útil (Años) | O5: Depreciación Mensual | P5: # mes depreciado | Q5: Depreciación Acumulada | R5: Valor en Libros
K6: 1 | L6: =Tabla2248[[#This Row],[Valor de Compra (₡)]]/Tabla2248[[#This Row],[Tipo Cambio]] -> 0 | M6: 0 | N6: 1 | O6: =(Tabla2248[[#This Row],[Valor de Compra (₡)]]/Tabla2248[[#This Row],[Vida Útil (Años)]])/12 -> 0 | P6: 0 | Q6: =Tabla2248[[#This Row],[Depreciación Mensual]]*Tabla2248[[#This Row],['# mes depreciado]] -> 0 | R6: =Tabla2248[[#This Row],[Valor de Compra (₡)]]-Tabla2248[[#This Row],[Depreciación Acumulada]] -> 0
K7: 1 | L7: =Tabla2248[[#This Row],[Valor de Compra (₡)]]/Tabla2248[[#This Row],[Tipo Cambio]] -> 0 | M7: 0 | N7: 1 | O7: =(Tabla2248[[#This Row],[Valor de Compra (₡)]]/Tabla2248[[#This Row],[Vida Útil (Años)]])/12 -> 0 | P7: 0 | Q7: =Tabla2248[[#This Row],[Depreciación Mensual]]*Tabla2248[[#This Row],['# mes depreciado]] -> 0 | R7: =Tabla2248[[#This Row],[Valor de Compra (₡)]]-Tabla2248[[#This Row],[Depreciación Acumulada]] -> 0
K8: 1 | L8: =Tabla2248[[#This Row],[Valor de Compra (₡)]]/Tabla2248[[#This Row],[Tipo Cambio]] -> 0 | M8: 0 | N8: 1 | O8: =(Tabla2248[[#This Row],[Valor de Compra (₡)]]/Tabla2248[[#This Row],[Vida Útil (Años)]])/12 -> 0 | P8: 0 | Q8: =Tabla2248[[#This Row],[Depreciación Mensual]]*Tabla2248[[#This Row],['# mes depreciado]] -> 0 | R8: =Tabla2248[[#This Row],[Valor de Compra (₡)]]-Tabla2248[[#This Row],[Depreciación Acumulada]] -> 0
K9: 1 | L9: =Tabla2248[[#This Row],[Valor de Compra (₡)]]/Tabla2248[[#This Row],[Tipo Cambio]] -> 0 | M9: 0 | N9: 1 | O9: =(Tabla2248[[#This Row],[Valor de Compra (₡)]]/Tabla2248[[#This Row],[Vida Útil (Años)]])/12 -> 0 | P9: 0 | Q9: =Tabla2248[[#This Row],[Depreciación Mensual]]*Tabla2248[[#This Row],['# mes depreciado]] -> 0 | R9: =Tabla2248[[#This Row],[Valor de Compra (₡)]]-Tabla2248[[#This Row],[Depreciación Acumulada]] -> 0
K10: 1 | L10: =Tabla2248[[#This Row],[Valor de Compra (₡)]]/Tabla2248[[#This Row],[Tipo Cambio]] -> 0 | M10: 0 | N10: 1 | O10: =(Tabla2248[[#This Row],[Valor de Compra (₡)]]/Tabla2248[[#This Row],[Vida Útil (Años)]])/12 -> 0 | P10: 0 | Q10: =Tabla2248[[#This Row],[Depreciación Mensual]]*Tabla2248[[#This Row],['# mes depreciado]] -> 0 | R10: =Tabla2248[[#This Row],[Valor de Compra (₡)]]-Tabla2248[[#This Row],[Depreciación Acumulada]] -> 0
K11: 1 | L11: =Tabla2248[[#This Row],[Valor de Compra (₡)]]/Tabla2248[[#This Row],[Tipo Cambio]] -> 0 | M11: 0 | N11: 1 | O11: =(Tabla2248[[#This Row],[Valor de Compra (₡)]]/Tabla2248[[#This Row],[Vida Útil (Años)]])/12 -> 0 | P11: 0 | Q11: =Tabla2248[[#This Row],[Depreciación Mensual]]*Tabla2248[[#This Row],['# mes depreciado]] -> 0 | R11: =Tabla2248[[#This Row],[Valor de Compra (₡)]]-Tabla2248[[#This Row],[Depreciación Acumulada]] -> 0
K12: 1 | L12: =Tabla2248[[#This Row],[Valor de Compra (₡)]]/Tabla2248[[#This Row],[Tipo Cambio]] -> 0 | M12: 0 | N12: 1 | O12: =(Tabla2248[[#This Row],[Valor de Compra (₡)]]/Tabla2248[[#This Row],[Vida Útil (Años)]])/12 -> 0 | P12: 0 | Q12: =Tabla2248[[#This Row],[Depreciación Mensual]]*Tabla2248[[#This Row],['# mes depreciado]] -> 0 | R12: =Tabla2248[[#This Row],[Valor de Compra (₡)]]-Tabla2248[[#This Row],[Depreciación Acumulada]] -> 0
K13: 1 | L13: =Tabla2248[[#This Row],[Valor de Compra (₡)]]/Tabla2248[[#This Row],[Tipo Cambio]] -> 0 | M13: 0 | N13: 1 | O13: =(Tabla2248[[#This Row],[Valor de Compra (₡)]]/Tabla2248[[#This Row],[Vida Útil (Años)]])/12 -> 0 | P13: 0 | Q13: =Tabla2248[[#This Row],[Depreciación Mensual]]*Tabla2248[[#This Row],['# mes depreciado]] -> 0 | R13: =Tabla2248[[#This Row],[Valor de Compra (₡)]]-Tabla2248[[#This Row],[Depreciación Acumulada]] -> 0
K14: 1 | L14: =Tabla2248[[#This Row],[Valor de Compra (₡)]]/Tabla2248[[#This Row],[Tipo Cambio]] -> 0 | M14: 0 | N14: 1 | O14: =(Tabla2248[[#This Row],[Valor de Compra (₡)]]/Tabla2248[[#This Row],[Vida Útil (Años)]])/12 -> 0 | P14: 0 | Q14: =Tabla2248[[#This Row],[Depreciación Mensual]]*Tabla2248[[#This Row],['# mes depreciado]] -> 0 | R14: =Tabla2248[[#This Row],[Valor de Compra (₡)]]-Tabla2248[[#This Row],[Depreciación Acumulada]] -> 0
K15: 1 | L15: =Tabla2248[[#This Row],[Valor de Compra (₡)]]/Tabla2248[[#This Row],[Tipo Cambio]] -> 0 | M15: 0 | N15: 1 | O15: =(Tabla2248[[#This Row],[Valor de Compra (₡)]]/Tabla2248[[#This Row],[Vida Útil (Años)]])/12 -> 0 | P15: 0 | Q15: =Tabla2248[[#This Row],[Depreciación Mensual]]*Tabla2248[[#This Row],['# mes depreciado]] -> 0 | R15: =Tabla2248[[#This Row],[Valor de Compra (₡)]]-Tabla2248[[#This Row],[Depreciación Acumulada]] -> 0
K16: 1 | L16: =Tabla2248[[#This Row],[Valor de Compra (₡)]]/Tabla2248[[#This Row],[Tipo Cambio]] -> 0 | M16: 0 | N16: 1 | O16: =(Tabla2248[[#This Row],[Valor de Compra (₡)]]/Tabla2248[[#This Row],[Vida Útil (Años)]])/12 -> 0 | P16: 0 | Q16: =Tabla2248[[#This Row],[Depreciación Mensual]]*Tabla2248[[#This Row],['# mes depreciado]] -> 0 | R16: =Tabla2248[[#This Row],[Valor de Compra (₡)]]-Tabla2248[[#This Row],[Depreciación Acumulada]] -> 0
K17: 1 | L17: =Tabla2248[[#This Row],[Valor de Compra (₡)]]/Tabla2248[[#This Row],[Tipo Cambio]] -> 0 | M17: 0 | N17: 1 | O17: =(Tabla2248[[#This Row],[Valor de Compra (₡)]]/Tabla2248[[#This Row],[Vida Útil (Años)]])/12 -> 0 | P17: 0 | Q17: =Tabla2248[[#This Row],[Depreciación Mensual]]*Tabla2248[[#This Row],['# mes depreciado]] -> 0 | R17: =Tabla2248[[#This Row],[Valor de Compra (₡)]]-Tabla2248[[#This Row],[Depreciación Acumulada]] -> 0
... K30: 1 | L30: =Tabla2248[[#This Row],[Valor de Compra (₡)]]/Tabla2248[[#This Row],[Tipo Cambio]] -> 0 | M30: 0 | N30: 1 | O30: =(Tabla2248[[#This Row],[Valor de Compra (₡)]]/Tabla2248[[#This Row],[Vida Útil (Años)]])/12 -> 0 | P30: 0 | Q30: =Tabla2248[[#This Row],[Depreciación Mensual]]*Tabla2248[[#This Row],['# mes depreciado]] -> 0 | R30: =Tabla2248[[#This Row],[Valor de Compra (₡)]]-Tabla2248[[#This Row],[Depreciación Acumulada]] -> 0
B32: Total | L32: =SUM(Tabla2248[Valor de Compra ($)]) -> 0 | M32: =SUM(Tabla2248[Valor de Compra (₡)]) -> 0 | O32: =SUM(Tabla2248[Depreciación Mensual]) -> 0 | Q32: =SUM(Tabla2248[Depreciación Acumulada]) -> 0 | R32: =SUM(Tabla2248[Valor en Libros]) -> 0

Sheet Equipo Computo
B3: Nombre de cuenta: | C3: Equipo de Computo
B5: Placa (ID) | C5: Ubicación | D5: Descripción | E5: Marca | F5: Modelo | G5: Serie | H5: Factura # | I5: DUA | J5: Fecha de Compra | K5: Tipo Cambio | L5: Valor de Compra ($) | M5: Valor de Compra (₡) | N5: Vida Útil (Años) | O5: Depreciación Mensual | P5: # mes depreciado | Q5: Depreciación Acumulada | R5: Valor en Libros
K6: 1 | L6: =Tabla2247[[#This Row],[Valor de Compra (₡)]]/Tabla2247[[#This Row],[Tipo Cambio]] -> 0 | M6: 0 | N6: 1 | O6: =(Tabla2247[[#This Row],[Valor de Compra (₡)]]/Tabla2247[[#This Row],[Vida Útil (Años)]])/12 -> 0 | P6: 0 | Q6: =Tabla2247[[#This Row],['# mes depreciado]]*Tabla2247[[#This Row],[Depreciación Mensual]] -> 0 | R6: =Tabla2247[[#This Row],[Valor de Compra (₡)]]-Tabla2247[[#This Row],[Depreciación Acumulada]] -> 0
K7: 1 | L7: =Tabla2247[[#This Row],[Valor de Compra (₡)]]/Tabla2247[[#This Row],[Tipo Cambio]] -> 0 | M7: 0 | N7: 1 | O7: =(Tabla2247[[#This Row],[Valor de Compra (₡)]]/Tabla2247[[#This Row],[Vida Útil (Años)]])/12 -> 0 | P7: 0 | Q7: =Tabla2247[[#This Row],['# mes depreciado]]*Tabla2247[[#This Row],[Depreciación Mensual]] -> 0 | R7: =Tabla2247[[#This Row],[Valor de Compra (₡)]]-Tabla2247[[#This Row],[Depreciación Acumulada]] -> 0
K8: 1 | L8: =Tabla2247[[#This Row],[Valor de Compra (₡)]]/Tabla2247[[#This Row],[Tipo Cambio]] -> 0 | M8: 0 | N8: 1 | O8: =(Tabla2247[[#This Row],[Valor de Compra (₡)]]/Tabla2247[[#This Row],[Vida Útil (Años)]])/12 -> 0 | P8: 0 | Q8: =Tabla2247[[#This Row],['# mes depreciado]]*Tabla2247[[#This Row],[Depreciación Mensual]] -> 0 | R8: =Tabla2247[[#This Row],[Valor de Compra (₡)]]-Tabla2247[[#This Row],[Depreciación Acumulada]] -> 0
K9: 1 | L9: =Tabla2247[[#This Row],[Valor de Compra (₡)]]/Tabla2247[[#This Row],[Tipo Cambio]] -> 0 | M9: 0 | N9: 1 | O9: =(Tabla2247[[#This Row],[Valor de Compra (₡)]]/Tabla2247[[#This Row],[Vida Útil (Años)]])/12 -> 0 | P9: 0 | Q9: =Tabla2247[[#This Row],['# mes depreciado]]*Tabla2247[[#This Row],[Depreciación Mensual]] -> 0 | R9: =Tabla2247[[#This Row],[Valor de Compra (₡)]]-Tabla2247[[#This Row],[Depreciación Acumulada]] -> 0
K10: 1 | L10: =Tabla2247[[#This Row],[Valor de Compra (₡)]]/Tabla2247[[#This Row],[Tipo Cambio]] -> 0 | M10: 0 | N10: 1 | O10: =(Tabla2247[[#This Row],[Valor de Compra (₡)]]/Tabla2247[[#This Row],[Vida Útil (Años)]])/12 -> 0 | P10: 0 | Q10: =Tabla2247[[#This Row],['# mes depreciado]]*Tabla2247[[#This Row],[Depreciación Mensual]] -> 0 | R10: =Tabla2247[[#This Row],[Valor de Compra (₡)]]-Tabla2247[[#This Row],[Depreciación Acumulada]] -> 0
K11: 1 | L11: =Tabla2247[[#This Row],[Valor de Compra (₡)]]/Tabla2247[[#This Row],[Tipo Cambio]] -> 0 | M11: 0 | N11: 1 | O11: =(Tabla2247[[#This Row],[Valor de Compra (₡)]]/Tabla2247[[#This Row],[Vida Útil (Años)]])/12 -> 0 | P11: 0 | Q11: =Tabla2247[[#This Row],['# mes depreciado]]*Tabla2247[[#This Row],[Depreciación Mensual]] -> 0 | R11: =Tabla2247[[#This Row],[Valor de Compra (₡)]]-Tabla2247[[#This Row],[Depreciación Acumulada]] -> 0
K12: 1 | L12: =Tabla2247[[#This Row],[Valor de Compra (₡)]]/Tabla2247[[#This Row],[Tipo Cambio]] -> 0 | M12: 0 | N12: 1 | O12: =(Tabla2247[[#This Row],[Valor de Compra (₡)]]/Tabla2247[[#This Row],[Vida Útil (Años)]])/12 -> 0 | P12: 0 | Q12: =Tabla2247[[#This Row],['# mes depreciado]]*Tabla2247[[#This Row],[Depreciación Mensual]] -> 0 | R12: =Tabla2247[[#This Row],[Valor de Compra (₡)]]-Tabla2247[[#This Row],[Depreciación Acumulada]] -> 0
K13: 1 | L13: =Tabla2247[[#This Row],[Valor de Compra (₡)]]/Tabla2247[[#This Row],[Tipo Cambio]] -> 0 | M13: 0 | N13: 1 | O13: =(Tabla2247[[#This Row],[Valor de Compra (₡)]]/Tabla2247[[#This Row],[Vida Útil (Años)]])/12 -> 0 | P13: 0 | Q13: =Tabla2247[[#This Row],['# mes depreciado]]*Tabla2247[[#This Row],[Depreciación Mensual]] -> 0 | R13: =Tabla2247[[#This Row],[Valor de Compra (₡)]]-Tabla2247[[#This Row],[Depreciación Acumulada]] -> 0
K14: 1 | L14: =Tabla2247[[#This Row],[Valor de Compra (₡)]]/Tabla2247[[#This Row],[Tipo Cambio]] -> 0 | M14: 0 | N14: 1 | O14: =(Tabla2247[[#This Row],[Valor de Compra (₡)]]/Tabla2247[[#This Row],[Vida Útil (Años)]])/12 -> 0 | P14: 0 | Q14: =Tabla2247[[#This Row],['# mes depreciado]]*Tabla2247[[#This Row],[Depreciación Mensual]] -> 0 | R14: =Tabla2247[[#This Row],[Valor de Compra (₡)]]-Tabla2247[[#This Row],[Depreciación Acumulada]] -> 0
K15: 1 | L15: =Tabla2247[[#This Row],[Valor de Compra (₡)]]/Tabla2247[[#This Row],[Tipo Cambio]] -> 0 | M15: 0 | N15: 1 | O15: =(Tabla2247[[#This Row],[Valor de Compra (₡)]]/Tabla2247[[#This Row],[Vida Útil (Años)]])/12 -> 0 | P15: 0 | Q15: =Tabla2247[[#This Row],['# mes depreciado]]*Tabla2247[[#This Row],[Depreciación Mensual]] -> 0 | R15: =Tabla2247[[#This Row],[Valor de Compra (₡)]]-Tabla2247[[#This Row],[Depreciación Acumulada]] -> 0
K16: 1 | L16: =Tabla2247[[#This Row],[Valor de Compra (₡)]]/Tabla2247[[#This Row],[Tipo Cambio]] -> 0 | M16: 0 | N16: 1 | O16: =(Tabla2247[[#This Row],[Valor de Compra (₡)]]/Tabla2247[[#This Row],[Vida Útil (Años)]])/12 -> 0 | P16: 0 | Q16: =Tabla2247[[#This Row],['# mes depreciado]]*Tabla2247[[#This Row],[Depreciación Mensual]] -> 0 | R16: =Tabla2247[[#This Row],[Valor de Compra (₡)]]-Tabla2247[[#This Row],[Depreciación Acumulada]] -> 0
K17: 1 | L17: =Tabla2247[[#This Row],[Valor de Compra (₡)]]/Tabla2247[[#This Row],[Tipo Cambio]] -> 0 | M17: 0 | N17: 1 | O17: =(Tabla2247[[#This Row],[Valor de Compra (₡)]]/Tabla2247[[#This Row],[Vida Útil (Años)]])/12 -> 0 | P17: 0 | Q17: =Tabla2247[[#This Row],['# mes depreciado]]*Tabla2247[[#This Row],[Depreciación Mensual]] -> 0 | R17: =Tabla2247[[#This Row],[Valor de Compra (₡)]]-Tabla2247[[#This Row],[Depreciación Acumulada]] -> 0
... K30: 1 | L30: =Tabla2247[[#This Row],[Valor de Compra (₡)]]/Tabla2247[[#This Row],[Tipo Cambio]] -> 0 | M30: 0 | N30: 1 | O30: =(Tabla2247[[#This Row],[Valor de Compra (₡)]]/Tabla2247[[#This Row],[Vida Útil (Años)]])/12 -> 0 | P30: 0 | Q30: =Tabla2247[[#This Row],['# mes depreciado]]*Tabla2247[[#This Row],[Depreciación Mensual]] -> 0 | R30: =Tabla2247[[#This Row],[Valor de Compra (₡)]]-Tabla2247[[#This Row],[Depreciación Acumulada]] -> 0
B32: Total | L32: =SUM(Tabla2247[Valor de Compra ($)]) -> 0 | M32: =SUM(Tabla2247[Valor de Compra (₡)]) -> 0 | O32: =SUM(Tabla2247[Depreciación Mensual]) -> 0 | Q32: =SUM(Tabla2247[Depreciación Acumulada]) -> 0 | R32: =SUM(Tabla2247[Valor en Libros]) -> 0

Sheet Maq. y Equipo 
B3: Nombre de cuenta: | C3: Maquinaria y Equipo de Planta
B5: Placa (ID) | C5: Ubicación | D5: Descripción | E5: Marca | F5: Modelo | G5: Serie | H5: Factura # | I5: DUA | J5: Fecha de Compra | K5: Tipo Cambio | L5: Valor de Compra ($) | M5: Valor de Compra (₡) | N5: Vida Útil (Años) | O5: Depreciación Mensual | P5: # mes depreciado | Q5: Depreciación Acumulada | R5: Valor en Libros
K6: 1 | L6: =Tabla224[[#This Row],[Valor de Compra (₡)]]/Tabla224[[#This Row],[Tipo Cambio]] -> 0 | M6: 0 | N6: 1 | O6: =(Tabla224[[#This Row],[Valor de Compra (₡)]]/Tabla224[[#This Row],[Vida Útil (Años)]])/12 -> 0 | P6: 0 | Q6: =Tabla224[[#This Row],[Depreciación Mensual]]*Tabla224[[#This Row],['# mes depreciado]] -> 0 | R6: =Tabla224[[#This Row],[Valor de Compra (₡)]]-Tabla224[[#This Row],[Depreciación Acumulada]] -> 0
K7: 1 | L7: =Tabla224[[#This Row],[Valor de Compra (₡)]]/Tabla224[[#This Row],[Tipo Cambio]] -> 0 | M7: 0 | N7: 1 | O7: =(Tabla224[[#This Row],[Valor de Compra (₡)]]/Tabla224[[#This Row],[Vida Útil (Años)]])/12 -> 0 | P7: 0 | Q7: =Tabla224[[#This Row],[Depreciación Mensual]]*Tabla224[[#This Row],['# mes depreciado]] -> 0 | R7: =Tabla224[[#This Row],[Valor de Compra (₡)]]-Tabla224[[#This Row],[Depreciación Acumulada]] -> 0
K8: 1 | L8: =Tabla224[[#This Row],[Valor de Compra (₡)]]/Tabla224[[#This Row],[Tipo Cambio]] -> 0 | M8: 0 | N8: 1 | O8: =(Tabla224[[#This Row],[Valor de Compra (₡)]]/Tabla224[[#This Row],[Vida Útil (Años)]])/12 -> 0 | P8: 0 | Q8: =Tabla224[[#This Row],[Depreciación Mensual]]*Tabla224[[#This Row],['# mes depreciado]] -> 0 | R8: =Tabla224[[#This Row],[Valor de Compra (₡)]]-Tabla224[[#This Row],[Depreciación Acumulada]] -> 0
K9: 1 | L9: =Tabla224[[#This Row],[Valor de Compra (₡)]]/Tabla224[[#This Row],[Tipo Cambio]] -> 0 | M9: 0 | N9: 1 | O9: =(Tabla224[[#This Row],[Valor de Compra (₡)]]/Tabla224[[#This Row],[Vida Útil (Años)]])/12 -> 0 | P9: 0 | Q9: =Tabla224[[#This Row],[Depreciación Mensual]]*Tabla224[[#This Row],['# mes depreciado]] -> 0 | R9: =Tabla224[[#This Row],[Valor de Compra (₡)]]-Tabla224[[#This Row],[Depreciación Acumulada]] -> 0
K10: 1 | L10: =Tabla224[[#This Row],[Valor de Compra (₡)]]/Tabla224[[#This Row],[Tipo Cambio]] -> 0 | M10: 0 | N10: 1 | O10: =(Tabla224[[#This Row],[Valor de Compra (₡)]]/Tabla224[[#This Row],[Vida Útil (Años)]])/12 -> 0 | P10: 0 | Q10: =Tabla224[[#This Row],[Depreciación Mensual]]*Tabla224[[#This Row],['# mes depreciado]] -> 0 | R10: =Tabla224[[#This Row],[Valor de Compra (₡)]]-Tabla224[[#This Row],[Depreciación Acumulada]] -> 0
K11: 1 | L11: =Tabla224[[#This Row],[Valor de Compra (₡)]]/Tabla224[[#This Row],[Tipo Cambio]] -> 0 | M11: 0 | N11: 1 | O11: =(Tabla224[[#This Row],[Valor de Compra (₡)]]/Tabla224[[#This Row],[Vida Útil (Años)]])/12 -> 0 | P11: 0 | Q11: =Tabla224[[#This Row],[Depreciación Mensual]]*Tabla224[[#This Row],['# mes depreciado]] -> 0 | R11: =Tabla224[[#This Row],[Valor de Compra (₡)]]-Tabla224[[#This Row],[Depreciación Acumulada]] -> 0
K12: 1 | L12: =Tabla224[[#This Row],[Valor de Compra (₡)]]/Tabla224[[#This Row],[Tipo Cambio]] -> 0 | M12: 0 | N12: 1 | O12: =(Tabla224[[#This Row],[Valor de Compra (₡)]]/Tabla224[[#This Row],[Vida Útil (Años)]])/12 -> 0 | P12: 0 | Q12: =Tabla224[[#This Row],[Depreciación Mensual]]*Tabla224[[#This Row],['# mes depreciado]] -> 0 | R12: =Tabla224[[#This Row],[Valor de Compra (₡)]]-Tabla224[[#This Row],[Depreciación Acumulada]] -> 0
K13: 1 | L13: =Tabla224[[#This Row],[Valor de Compra (₡)]]/Tabla224[[#This Row],[Tipo Cambio]] -> 0 | M13: 0 | N13: 1 | O13: =(Tabla224[[#This Row],[Valor de Compra (₡)]]/Tabla224[[#This Row],[Vida Útil (Años)]])/12 -> 0 | P13: 0 | Q13: =Tabla224[[#This Row],[Depreciación Mensual]]*Tabla224[[#This Row],['# mes depreciado]] -> 0 | R13: =Tabla224[[#This Row],[Valor de Compra (₡)]]-Tabla224[[#This Row],[Depreciación Acumulada]] -> 0
K14: 1 | L14: =Tabla224[[#This Row],[Valor de Compra (₡)]]/Tabla224[[#This Row],[Tipo Cambio]] -> 0 | M14: 0 | N14: 1 | O14: =(Tabla224[[#This Row],[Valor de Compra (₡)]]/Tabla224[[#This Row],[Vida Útil (Años)]])/12 -> 0 | P14: 0 | Q14: =Tabla224[[#This Row],[Depreciación Mensual]]*Tabla224[[#This Row],['# mes depreciado]] -> 0 | R14: =Tabla224[[#This Row],[Valor de Compra (₡)]]-Tabla224[[#This Row],[Depreciación Acumulada]] -> 0
K15: 1 | L15: =Tabla224[[#This Row],[Valor de Compra (₡)]]/Tabla224[[#This Row],[Tipo Cambio]] -> 0 | M15: 0 | N15: 1 | O15: =(Tabla224[[#This Row],[Valor de Compra (₡)]]/Tabla224[[#This Row],[Vida Útil (Años)]])/12 -> 0 | P15: 0 | Q15: =Tabla224[[#This Row],[Depreciación Mensual]]*Tabla224[[#This Row],['# mes depreciado]] -> 0 | R15: =Tabla224[[#This Row],[Valor de Compra (₡)]]-Tabla224[[#This Row],[Depreciación Acumulada]] -> 0
K16: 1 | L16: =Tabla224[[#This Row],[Valor de Compra (₡)]]/Tabla224[[#This Row],[Tipo Cambio]] -> 0 | M16: 0 | N16: 1 | O16: =(Tabla224[[#This Row],[Valor de Compra (₡)]]/Tabla224[[#This Row],[Vida Útil (Años)]])/12 -> 0 | P16: 0 | Q16: =Tabla224[[#This Row],[Depreciación Mensual]]*Tabla224[[#This Row],['# mes depreciado]] -> 0 | R16: =Tabla224[[#This Row],[Valor de Compra (₡)]]-Tabla224[[#This Row],[Depreciación Acumulada]] -> 0
K17: 1 | L17: =Tabla224[[#This Row],[Valor de Compra (₡)]]/Tabla224[[#This Row],[Tipo Cambio]] -> 0 | M17: 0 | N17: 1 | O17: =(Tabla224[[#This Row],[Valor de Compra (₡)]]/Tabla224[[#This Row],[Vida Útil (Años)]])/12 -> 0 | P17: 0 | Q17: =Tabla224[[#This Row],[Depreciación Mensual]]*Tabla224[[#This Row],['# mes depreciado]] -> 0 | R17: =Tabla224[[#This Row],[Valor de Compra (₡)]]-Tabla224[[#This Row],[Depreciación Acumulada]] -> 0
... K30: 1 | L30: =Tabla224[[#This Row],[Valor de Compra (₡)]]/Tabla224[[#This Row],[Tipo Cambio]] -> 0 | M30: 0 | N30: 1 | O30: =(Tabla224[[#This Row],[Valor de Compra (₡)]]/Tabla224[[#This Row],[Vida Útil (Años)]])/12 -> 0 | P30: 0 | Q30: =Tabla224[[#This Row],[Depreciación Mensual]]*Tabla224[[#This Row],['# mes depreciado]] -> 0 | R30: =Tabla224[[#This Row],[Valor de Compra (₡)]]-Tabla224[[#This Row],[Depreciación Acumulada]] -> 0
B32: Total | L32: =SUM(Tabla224[Valor de Compra ($)]) -> 0 | M32: =SUM(Tabla224[Valor de Compra (₡)]) -> 0 | O32: =SUM(Tabla224[Depreciación Mensual]) -> 0 | Q32: =SUM(Tabla224[Depreciación Acumulada]) -> 0 | R32: =SUM(Tabla224[Valor en Libros]) -> 0

Sheet Mob. Y Equio Oficina
B3: Nombre de cuenta: | C3: Mobiliario y Equipo Oficina
B5: Placa (ID) | C5: Ubicación | D5: Descripción | E5: Marca | F5: Modelo | G5: Serie | H5: Factura # | I5: DUA | J5: Fecha de Compra | K5: Tipo Cambio | L5: Valor de Compra ($) | M5: Valor de Compra (₡) | N5: Vida Útil (Años) | O5: Depreciación Mensual | P5: # mes depreciado | Q5: Depreciación Acumulada | R5: Valor en Libros
K6: 1 | L6: =Tabla2246[[#This Row],[Valor de Compra (₡)]]/Tabla2246[[#This Row],[Tipo Cambio]] -> 0 | M6: 0 | N6: 1 | O6: =(Tabla2246[[#This Row],[Valor de Compra (₡)]]/Tabla2246[[#This Row],[Vida Útil (Años)]])/12 -> 0 | P6: 0 | Q6: =Tabla2246[[#This Row],[Depreciación Mensual]]*Tabla2246[[#This Row],['# mes depreciado]] -> 0 | R6: =Tabla2246[[#This Row],[Valor de Compra (₡)]]-Tabla2246[[#This Row],[Depreciación Acumulada]] -> 0
K7: 1 | L7: =Tabla2246[[#This Row],[Valor de Compra (₡)]]/Tabla2246[[#This Row],[Tipo Cambio]] -> 0 | M7: 0 | N7: 1 | O7: =(Tabla2246[[#This Row],[Valor de Compra (₡)]]/Tabla2246[[#This Row],[Vida Útil (Años)]])/12 -> 0 | P7: 0 | Q7: =Tabla2246[[#This Row],[Depreciación Mensual]]*Tabla2246[[#This Row],['# mes depreciado]] -> 0 | R7: =Tabla2246[[#This Row],[Valor de Compra (₡)]]-Tabla2246[[#This Row],[Depreciación Acumulada]] -> 0
K8: 1 | L8: =Tabla2246[[#This Row],[Valor de Compra (₡)]]/Tabla2246[[#This Row],[Tipo Cambio]] -> 0 | M8: 0 | N8: 1 | O8: =(Tabla2246[[#This Row],[Valor de Compra (₡)]]/Tabla2246[[#This Row],[Vida Útil (Años)]])/12 -> 0 | P8: 0 | Q8: =Tabla2246[[#This Row],[Depreciación Mensual]]*Tabla2246[[#This Row],['# mes depreciado]] -> 0 | R8: =Tabla2246[[#This Row],[Valor de Compra (₡)]]-Tabla2246[[#This Row],[Depreciación Acumulada]] -> 0
K9: 1 | L9: =Tabla2246[[#This Row],[Valor de Compra (₡)]]/Tabla2246[[#This Row],[Tipo Cambio]] -> 0 | M9: 0 | N9: 1 | O9: =(Tabla2246[[#This Row],[Valor de Compra (₡)]]/Tabla2246[[#This Row],[Vida Útil (Años)]])/12 -> 0 | P9: 0 | Q9: =Tabla2246[[#This Row],[Depreciación Mensual]]*Tabla2246[[#This Row],['# mes depreciado]] -> 0 | R9: =Tabla2246[[#This Row],[Valor de Compra (₡)]]-Tabla2246[[#This Row],[Depreciación Acumulada]] -> 0
K10: 1 | L10: =Tabla2246[[#This Row],[Valor de Compra (₡)]]/Tabla2246[[#This Row],[Tipo Cambio]] -> 0 | M10: 0 | N10: 1 | O10: =(Tabla2246[[#This Row],[Valor de Compra (₡)]]/Tabla2246[[#This Row],[Vida Útil (Años)]])/12 -> 0 | P10: 0 | Q10: =Tabla2246[[#This Row],[Depreciación Mensual]]*Tabla2246[[#This Row],['# mes depreciado]] -> 0 | R10: =Tabla2246[[#This Row],[Valor de Compra (₡)]]-Tabla2246[[#This Row],[Depreciación Acumulada]] -> 0
K11: 1 | L11: =Tabla2246[[#This Row],[Valor de Compra (₡)]]/Tabla2246[[#This Row],[Tipo Cambio]] -> 0 | M11: 0 | N11: 1 | O11: =(Tabla2246[[#This Row],[Valor de Compra (₡)]]/Tabla2246[[#This Row],[Vida Útil (Años)]])/12 -> 0 | P11: 0 | Q11: =Tabla2246[[#This Row],[Depreciación Mensual]]*Tabla2246[[#This Row],['# mes depreciado]] -> 0 | R11: =Tabla2246[[#This Row],[Valor de Compra (₡)]]-Tabla2246[[#This Row],[Depreciación Acumulada]] -> 0
K12: 1 | L12: =Tabla2246[[#This Row],[Valor de Compra (₡)]]/Tabla2246[[#This Row],[Tipo Cambio]] -> 0 | M12: 0 | N12: 1 | O12: =(Tabla2246[[#This Row],[Valor de Compra (₡)]]/Tabla2246[[#This Row],[Vida Útil (Años)]])/12 -> 0 | P12: 0 | Q12: =Tabla2246[[#This Row],[Depreciación Mensual]]*Tabla2246[[#This Row],['# mes depreciado]] -> 0 | R12: =Tabla2246[[#This Row],[Valor de Compra (₡)]]-Tabla2246[[#This Row],[Depreciación Acumulada]] -> 0
K13: 1 | L13: =Tabla2246[[#This Row],[Valor de Compra (₡)]]/Tabla2246[[#This Row],[Tipo Cambio]] -> 0 | M13: 0 | N13: 1 | O13: =(Tabla2246[[#This Row],[Valor de Compra (₡)]]/Tabla2246[[#This Row],[Vida Útil (Años)]])/12 -> 0 | P13: 0 | Q13: =Tabla2246[[#This Row],[Depreciación Mensual]]*Tabla2246[[#This Row],['# mes depreciado]] -> 0 | R13: =Tabla2246[[#This Row],[Valor de Compra (₡)]]-Tabla2246[[#This Row],[Depreciación Acumulada]] -> 0
K14: 1 | L14: =Tabla2246[[#This Row],[Valor de Compra (₡)]]/Tabla2246[[#This Row],[Tipo Cambio]] -> 0 | M14: 0 | N14: 1 | O14: =(Tabla2246[[#This Row],[Valor de Compra (₡)]]/Tabla2246[[#This Row],[Vida Útil (Años)]])/12 -> 0 | P14: 0 | Q14: =Tabla2246[[#This Row],[Depreciación Mensual]]*Tabla2246[[#This Row],['# mes depreciado]] -> 0 | R14: =Tabla2246[[#This Row],[Valor de Compra (₡)]]-Tabla2246[[#This Row],[Depreciación Acumulada]] -> 0
K15: 1 | L15: =Tabla2246[[#This Row],[Valor de Compra (₡)]]/Tabla2246[[#This Row],[Tipo Cambio]] -> 0 | M15: 0 | N15: 1 | O15: =(Tabla2246[[#This Row],[Valor de Compra (₡)]]/Tabla2246[[#This Row],[Vida Útil (Años)]])/12 -> 0 | P15: 0 | Q15: =Tabla2246[[#This Row],[Depreciación Mensual]]*Tabla2246[[#This Row],['# mes depreciado]] -> 0 | R15: =Tabla2246[[#This Row],[Valor de Compra (₡)]]-Tabla2246[[#This Row],[Depreciación Acumulada]] -> 0
K16: 1 | L16: =Tabla2246[[#This Row],[Valor de Compra (₡)]]/Tabla2246[[#This Row],[Tipo Cambio]] -> 0 | M16: 0 | N16: 1 | O16: =(Tabla2246[[#This Row],[Valor de Compra (₡)]]/Tabla2246[[#This Row],[Vida Útil (Años)]])/12 -> 0 | P16: 0 | Q16: =Tabla2246[[#This Row],[Depreciación Mensual]]*Tabla2246[[#This Row],['# mes depreciado]] -> 0 | R16: =Tabla2246[[#This Row],[Valor de Compra (₡)]]-Tabla2246[[#This Row],[Depreciación Acumulada]] -> 0
K17: 1 | L17: =Tabla2246[[#This Row],[Valor de Compra (₡)]]/Tabla2246[[#This Row],[Tipo Cambio]] -> 0 | M17: 0 | N17: 1 | O17: =(Tabla2246[[#This Row],[Valor de Compra (₡)]]/Tabla2246[[#This Row],[Vida Útil (Años)]])/12 -> 0 | P17: 0 | Q17: =Tabla2246[[#This Row],[Depreciación Mensual]]*Tabla2246[[#This Row],['# mes depreciado]] -> 0 | R17: =Tabla2246[[#This Row],[Valor de Compra (₡)]]-Tabla2246[[#This Row],[Depreciación Acumulada]] -> 0
... K30: 1 | L30: =Tabla2246[[#This Row],[Valor de Compra (₡)]]/Tabla2246[[#This Row],[Tipo Cambio]] -> 0 | M30: 0 | N30: 1 | O30: =(Tabla2246[[#This Row],[Valor de Compra (₡)]]/Tabla2246[[#This Row],[Vida Útil (Años)]])/12 -> 0 | P30: 0 | Q30: =Tabla2246[[#This Row],[Depreciación Mensual]]*Tabla2246[[#This Row],['# mes depreciado]] -> 0 | R30: =Tabla2246[[#This Row],[Valor de Compra (₡)]]-Tabla2246[[#This Row],[Depreciación Acumulada]] -> 0
B32: Total | L32: =SUM(Tabla2246[Valor de Compra ($)]) -> 0 | M32: =SUM(Tabla2246[Valor de Compra (₡)]) -> 0 | O32: =SUM(Tabla2246[Depreciación Mensual]) -> 0 | Q32: =SUM(Tabla2246[Depreciación Acumulada]) -> 0 | R32: =SUM(Tabla2246[Valor en Libros]) -> 0

Sheet Intangible
B3: Nombre de cuenta: | C3: Software
B5: Placa (ID) | C5: Ubicación | D5: Descripción | E5: Marca | F5: Modelo | G5: Serie | H5: Factura # | I5: DUA | J5: Fecha de Compra | K5: Tipo Cambio | L5: Valor de Compra ($) | M5: Valor de Compra (₡) | N5: Vida Útil (Años) | O5: Depreciación Mensual | P5: # mes depreciado | Q5: Depreciación Acumulada | R5: Valor en Libros
K6: 1 | L6: =Tabla2249[[#This Row],[Valor de Compra (₡)]]/Tabla2249[[#This Row],[Tipo Cambio]] -> 0 | M6: 0 | N6: 1 | O6: =(Tabla2249[[#This Row],[Valor de Compra (₡)]]/Tabla2249[[#This Row],[Vida Útil (Años)]])/12 -> 0 | P6: 0 | Q6: =Tabla2249[[#This Row],[Depreciación Mensual]]*Tabla2249[[#This Row],['# mes depreciado]] -> 0 | R6: =Tabla2249[[#This Row],[Valor de Compra (₡)]]-Tabla2249[[#This Row],[Depreciación Acumulada]] -> 0
K7: 1 | L7: =Tabla2249[[#This Row],[Valor de Compra (₡)]]/Tabla2249[[#This Row],[Tipo Cambio]] -> 0 | M7: 0 | N7: 1 | O7: =(Tabla2249[[#This Row],[Valor de Compra (₡)]]/Tabla2249[[#This Row],[Vida Útil (Años)]])/12 -> 0 | P7: 0 | Q7: =Tabla2249[[#This Row],[Depreciación Mensual]]*Tabla2249[[#This Row],['# mes depreciado]] -> 0 | R7: =Tabla2249[[#This Row],[Valor de Compra (₡)]]-Tabla2249[[#This Row],[Depreciación Acumulada]] -> 0
K8: 1 | L8: =Tabla2249[[#This Row],[Valor de Compra (₡)]]/Tabla2249[[#This Row],[Tipo Cambio]] -> 0 | M8: 0 | N8: 1 | O8: =(Tabla2249[[#This Row],[Valor de Compra (₡)]]/Tabla2249[[#This Row],[Vida Útil (Años)]])/12 -> 0 | P8: 0 | Q8: =Tabla2249[[#This Row],[Depreciación Mensual]]*Tabla2249[[#This Row],['# mes depreciado]] -> 0 | R8: =Tabla2249[[#This Row],[Valor de Compra (₡)]]-Tabla2249[[#This Row],[Depreciación Acumulada]] -> 0
K9: 1 | L9: =Tabla2249[[#This Row],[Valor de Compra (₡)]]/Tabla2249[[#This Row],[Tipo Cambio]] -> 0 | M9: 0 | N9: 1 | O9: =(Tabla2249[[#This Row],[Valor de Compra (₡)]]/Tabla2249[[#This Row],[Vida Útil (Años)]])/12 -> 0 | P9: 0 | Q9: =Tabla2249[[#This Row],[Depreciación Mensual]]*Tabla2249[[#This Row],['# mes depreciado]] -> 0 | R9: =Tabla2249[[#This Row],[Valor de Compra (₡)]]-Tabla2249[[#This Row],[Depreciación Acumulada]] -> 0
K10: 1 | L10: =Tabla2249[[#This Row],[Valor de Compra (₡)]]/Tabla2249[[#This Row],[Tipo Cambio]] -> 0 | M10: 0 | N10: 1 | O10: =(Tabla2249[[#This Row],[Valor de Compra (₡)]]/Tabla2249[[#This Row],[Vida Útil (Años)]])/12 -> 0 | P10: 0 | Q10: =Tabla2249[[#This Row],[Depreciación Mensual]]*Tabla2249[[#This Row],['# mes depreciado]] -> 0 | R10: =Tabla2249[[#This Row],[Valor de Compra (₡)]]-Tabla2249[[#This Row],[Depreciación Acumulada]] -> 0
K11: 1 | L11: =Tabla2249[[#This Row],[Valor de Compra (₡)]]/Tabla2249[[#This Row],[Tipo Cambio]] -> 0 | M11: 0 | N11: 1 | O11: =(Tabla2249[[#This Row],[Valor de Compra (₡)]]/Tabla2249[[#This Row],[Vida Útil (Años)]])/12 -> 0 | P11: 0 | Q11: =Tabla2249[[#This Row],[Depreciación Mensual]]*Tabla2249[[#This Row],['# mes depreciado]] -> 0 | R11: =Tabla2249[[#This Row],[Valor de Compra (₡)]]-Tabla2249[[#This Row],[Depreciación Acumulada]] -> 0
K12: 1 | L12: =Tabla2249[[#This Row],[Valor de Compra (₡)]]/Tabla2249[[#This Row],[Tipo Cambio]] -> 0 | M12: 0 | N12: 1 | O12: =(Tabla2249[[#This Row],[Valor de Compra (₡)]]/Tabla2249[[#This Row],[Vida Útil (Años)]])/12 -> 0 | P12: 0 | Q12: =Tabla2249[[#This Row],[Depreciación Mensual]]*Tabla2249[[#This Row],['# mes depreciado]] -> 0 | R12: =Tabla2249[[#This Row],[Valor de Compra (₡)]]-Tabla2249[[#This Row],[Depreciación Acumulada]] -> 0
K13: 1 | L13: =Tabla2249[[#This Row],[Valor de Compra (₡)]]/Tabla2249[[#This Row],[Tipo Cambio]] -> 0 | M13: 0 | N13: 1 | O13: =(Tabla2249[[#This Row],[Valor de Compra (₡)]]/Tabla2249[[#This Row],[Vida Útil (Años)]])/12 -> 0 | P13: 0 | Q13: =Tabla2249[[#This Row],[Depreciación Mensual]]*Tabla2249[[#This Row],['# mes depreciado]] -> 0 | R13: =Tabla2249[[#This Row],[Valor de Compra (₡)]]-Tabla2249[[#This Row],[Depreciación Acumulada]] -> 0
K14: 1 | L14: =Tabla2249[[#This Row],[Valor de Compra (₡)]]/Tabla2249[[#This Row],[Tipo Cambio]] -> 0 | M14: 0 | N14: 1 | O14: =(Tabla2249[[#This Row],[Valor de Compra (₡)]]/Tabla2249[[#This Row],[Vida Útil (Años)]])/12 -> 0 | P14: 0 | Q14: =Tabla2249[[#This Row],[Depreciación Mensual]]*Tabla2249[[#This Row],['# mes depreciado]] -> 0 | R14: =Tabla2249[[#This Row],[Valor de Compra (₡)]]-Tabla2249[[#This Row],[Depreciación Acumulada]] -> 0
K15: 1 | L15: =Tabla2249[[#This Row],[Valor de Compra (₡)]]/Tabla2249[[#This Row],[Tipo Cambio]] -> 0 | M15: 0 | N15: 1 | O15: =(Tabla2249[[#This Row],[Valor de Compra (₡)]]/Tabla2249[[#This Row],[Vida Útil (Años)]])/12 -> 0 | P15: 0 | Q15: =Tabla2249[[#This Row],[Depreciación Mensual]]*Tabla2249[[#This Row],['# mes depreciado]] -> 0 | R15: =Tabla2249[[#This Row],[Valor de Compra (₡)]]-Tabla2249[[#This Row],[Depreciación Acumulada]] -> 0
K16: 1 | L16: =Tabla2249[[#This Row],[Valor de Compra (₡)]]/Tabla2249[[#This Row],[Tipo Cambio]] -> 0 | M16: 0 | N16: 1 | O16: =(Tabla2249[[#This Row],[Valor de Compra (₡)]]/Tabla2249[[#This Row],[Vida Útil (Años)]])/12 -> 0 | P16: 0 | Q16: =Tabla2249[[#This Row],[Depreciación Mensual]]*Tabla2249[[#This Row],['# mes depreciado]] -> 0 | R16: =Tabla2249[[#This Row],[Valor de Compra (₡)]]-Tabla2249[[#This Row],[Depreciación Acumulada]] -> 0
K17: 1 | L17: =Tabla2249[[#This Row],[Valor de Compra (₡)]]/Tabla2249[[#This Row],[Tipo Cambio]] -> 0 | M17: 0 | N17: 1 | O17: =(Tabla2249[[#This Row],[Valor de Compra (₡)]]/Tabla2249[[#This Row],[Vida Útil (Años)]])/12 -> 0 | P17: 0 | Q17: =Tabla2249[[#This Row],[Depreciación Mensual]]*Tabla2249[[#This Row],['# mes depreciado]] -> 0 | R17: =Tabla2249[[#This Row],[Valor de Compra (₡)]]-Tabla2249[[#This Row],[Depreciación Acumulada]] -> 0
... K30: 1 | L30: =Tabla2249[[#This Row],[Valor de Compra (₡)]]/Tabla2249[[#This Row],[Tipo Cambio]] -> 0 | M30: 0 | N30: 1 | O30: =(Tabla2249[[#This Row],[Valor de Compra (₡)]]/Tabla2249[[#This Row],[Vida Útil (Años)]])/12 -> 0 | P30: 0 | Q30: =Tabla2249[[#This Row],[Depreciación Mensual]]*Tabla2249[[#This Row],['# mes depreciado]] -> 0 | R30: =Tabla2249[[#This Row],[Valor de Compra (₡)]]-Tabla2249[[#This Row],[Depreciación Acumulada]] -> 0
B32: Total | L32: =SUM(Tabla2249[Valor de Compra ($)]) -> 0 | M32: =SUM(Tabla2249[Valor de Compra (₡)]) -> 0 | O32: =SUM(Tabla2249[Depreciación Mensual]) -> 0 | Q32: =SUM(Tabla2249[Depreciación Acumulada]) -> 0 | R32: =SUM(Tabla2249[Valor en Libros]) -> 0
